 Dungeon Crawl Stone Soup version 0.32-a0-306-gfed3edf829 (webtiles) character file.

Game seed: 711088697962855296

2545 cforsyth the Fighter (level 9, 0/72 HPs)
             Began as a Djinni Ice Elementalist on Feb 14, 2024.
             Slain by Joseph
             ... wielding a +0 quarterstaff of speed
              (6 damage)
             ... on level 7 of the Dungeon.
             The game lasted 00:13:55 (7092 turns).

cforsyth the Fighter (Djinni Ice Elementalist)      Turns: 7092, Time: 00:13:55

Health: 0/72       AC:  4    Str:  4 (7)  XL:     9   Next: 85%
Gold:   331        EV: 12    Int: 19 (20) God:
                   SH:  0    Dex: 13 (15)

rFire   + + .        (no weapon)
rCold   . . .        (no shield)
rNeg    . . .        a - +0 robe
rPois   ∞            g - +0 helmet
rElec   .            o - +0 cloak
rCorr   +            (no gloves)
SInv    .            (boots unavailable)
Will    +....        (no amulet)
Stlth   ++           C - ring of protection from cold
HPRegen 0.32/turn    R - ring of resist corrosion
MPRegen 0.00/turn

%: infuse magic (-1 HP)
@: mighty, enlightened, flying
A: sickness immunity, fire resistance 2, cold vulnerability 1, float, innate
caster, HP casting, extra vitality 1
a: no special abilities


You were on level 7 of the Dungeon.
You visited 1 branch of the dungeon, and saw 7 of its levels.
You also visited: Ossuary.

You collected 331 gold pieces.


Innate Abilities, Weirdness & Mutations

You are immune to sickness and miasma.
You are immune to poison.
Your flesh is very heat resistant. (rF++)
You are vulnerable to cold. (rC-)
You float through the air rather than walking.
You learn spells naturally, not from books.
Your magical power is your life essence.
You have superior vitality. (+4 MHP)


   Skills:
 + Level 9.1 Fighting
 - Level 2.1 Dodging
 - Level 1.5 Stealth
 + Level 7.7 Spellcasting
 + Level 7.7 Conjurations
 + Level 7.7 Hexes
 + Level 7.7 Summonings
 + Level 7.7 Necromancy
 + Level 7.7 Translocations
 + Level 7.7 Fire Magic
 + Level 7.7 Ice Magic
 + Level 7.7 Air Magic
 + Level 7.7 Earth Magic
 + Level 7.7 Alchemy


You knew the following spells:

 Your Spells              Type           Power      Damage    Failure   Level
b - Summon Ice Beast      Ice/Summ       37%        N/A       1%          3
c - Confusing Touch       Hex            37%        N/A       1%          3
f - Freeze                Ice            100%       1d10      1%          1
l - Summon Lightning Spi  Summ/Air       37%        N/A       3%          4
m - Magic Dart            Conj           100%       1d8       1%          1
o - Ozocubu's Armour      Ice            37%        N/A       1%          3
r - Frozen Ramparts       Ice            74%        1d12      1%          3
B - Blink                 Tloc           74%        N/A       1%          2
Your spell library was empty.

Inventory:

Armour
 a - a +0 robe (worn)
 g - a +0 helmet (worn)
 o - a +0 cloak (worn)
Jewellery
 C - a ring of protection from cold (left hand)
 N - a ring of positive energy
 R - a ring of resist corrosion (right hand)
Wands
 u - a wand of paralysis (27)
 v - a wand of flame (18)
Scrolls
 d - 2 scrolls of brand weapon {unknown}
 e - 8 scrolls of identify {unknown}
 h - 3 scrolls of immolation {unknown}
 i - 3 scrolls of enchant armour {unknown}
 k - 2 scrolls of amnesia {unknown}
 l - a scroll of teleportation {unknown}
 n - 3 scrolls of vulnerability {unknown}
 p - 2 scrolls of silence {unknown}
 r - a scroll of blinking {unknown}
 s - a scroll of fog {unknown}
 x - a scroll of revelation {unknown}
Potions
 b - a potion of curing {unknown}
 c - 3 potions of degeneration
 f - a potion of invisibility {unknown}
 j - a potion of lignification {unknown}
 m - a potion of cancellation {unknown}
 q - a potion of magic
 t - a potion of enlightenment
 w - a potion of might
 z - a potion of heal wounds {unknown}
 A - a potion of attraction {unknown}
 B - a potion of berserk rage {unknown}
 D - a potion of mutation {unknown}

Dungeon Overview and Level Annotations

Branches:
Dungeon (7/15)            Ossuary (visited)
 Temple: D:4-7

Altars:
Okawaru
Qazlal
Wu Jian
Zin

Annotations:
D:3 1 runed translucent door, Crazy Yiuf
D:7 Joseph, Maurice

...# ...#.. ...( #...#..
.# .... ...# ...#...#..#
.... ..#. ..#...#...#
..... .... ..........#
..... ...c #...#l..#.#
...... ...# ...#...#..#
#@..... ..#
)..#...#?..######.......
...#
.#...#..Y#@@..#..........
#...#
..#...#...#.....###......
#5.. .............#.###
.....
#.#...#...#...#...#.#
####
#..#...#...#...#....#
#..[#...#..!#...#..##
#..#...#...#...#...#
#.#...#...#...#....#
#.................##


You could see Joseph and an iguana.


Message History

Joseph hits your ice beast with a +0 quarterstaff of speed.
Your ice beast barely misses Joseph.
Unknown command.
It was a potion of degeneration.
There was something very wrong with that liquid.
You feel weakened.
You feel dopey.
You feel clumsy.
Joseph hits your ice beast with a +0 quarterstaff of speed!
Your ice beast dies!
Your ice beast disappears in a puff of smoke!
Unknown command.
Aiming: Paralyse
Press: ? - help, Shift-Dir - straight line, f/p - Joseph
Aim: Joseph, wielding a +0 quarterstaff of speed and wearing a +0 leather armour (severely wounded, unaware, hasn't noticed you, chance to affect: 31%)
Okay, then.
Okay, then.
Okay, then.
It was a potion of magic.
Magic washes over you without effect.
Okay, then.
It was a potion of might.
You feel very mighty all of a sudden.
Joseph hits you with a +0 quarterstaff of speed.
* * * LOW HITPOINT WARNING * * *
Joseph hits you but does no damage.
Casting: Summon Ice Beast (safe; 1% risk of failure)
Confirm with . or Enter, or press ? or * to list all spells.
Okay, then.
It was a potion of enlightenment.
You feel more buoyant.
Joseph hits you with a +0 quarterstaff of speed.
You die...

Skill      XL: |  1  2  3  4  5  6  7  8  9 |
---------------+----------------------------+-----
Fighting       | 1 2 3 4 5 7 9 |  9.1
Spellcasting   | 4 5 6 7 |  7.7
Conjurations   | 4 5 6 7 |  7.7
Hexes          | 4 5 6 7 |  7.7
Summonings     | 4 5 6 7 |  7.7
Necromancy     | 4 5 6 7 |  7.7
Translocations | 4 5 6 7 |  7.7
Fire Magic     | 4 5 6 7 |  7.7
Ice Magic      | 4 5 6 7 |  7.7
Air Magic      | 4 5 6 7 |  7.7
Earth Magic    | 4 5 6 7 |  7.7
Alchemy        | 4 5 6 7 |  7.7
Dodging        | |  2.1
Stealth        | |  1.5

Action                     |  1- 3 |  4- 6 |  7- 9 || total
---------------------------+-------+-------+-------++-------
  Melee: Unarmed           |     1 |       |       ||     1
   Cast: Freeze            |    21 |     9 |     3 ||    33
         Magic Dart        |    20 |   127 |   286 ||   433
         Frozen Ramparts   |       |     6 |    22 ||    28
         Summon Ice Beast  |       |       |    13 ||    13
         Summon Lightning  |       |       |     2 ||     2
         Ozocubu's Armour  |       |       |     1 ||     1
  Evoke: Wand              |       |       |     1 ||     1
    Use: Potion            |       |       |     4 ||     4
 Armour: Robe              |     8 |    20 |    44 ||    72
  Dodge: Dodged            |    11 |    20 |    37 ||    68

Levels and vault maps discovered:
D:1:      dpeg_arrival_shelter, layout_basic,
          ebering_ecumenical_altar_abandoned, grunt_decor_one_mirror,
          serial_bayou_pond_c
D:2:      layout_basic
D:3:      layout_rooms, grunt_qazlal_clouds, minivault_25, grunt_decor_junction,
          uniq_crazy_yiuf_cottage
D:4:      layout_basic, zin_angel, hex_medium, chequers_serial_rivers_small_b
D:5:      cheibrodos_helix_gallery, layout_basic, nicolae_wu_jian_wuxing_cycle,
          nicolae_ossuary_entry_giza, uniq_ijyb
D:6:      layout_loops_ring, serial_library,
          serial_library_regret_index_small_wings,
          serial_library_hellmonk_statue_hall,
          serial_library_regret_index_headful,
          serial_library_regret_index_multi, serial_library_hellmonk_room_a,
          nicolae_letterblocks [nicolae_letter_subblock,
          nicolae_letter_subblock, nicolae_letter_subblock,
          nicolae_letter_subblock, nicolae_letter_subblock,
          nicolae_letter_subblock, nicolae_letter_subblock,
          nicolae_letter_subblock, nicolae_letter_subblock,
          nicolae_letter_subblock, nicolae_letter_subblock,
          nicolae_letter_subblock, nicolae_letter_subblock,
          nicolae_letter_subblock, nicolae_letter_subblock,
          nicolae_letter_subblock, nicolae_letter_subblock,
          nicolae_letter_subblock, nicolae_letter_subblock,
          nicolae_letter_subblock, nicolae_letter_subblock,
          nicolae_letter_subblock, nicolae_letter_subblock,
          nicolae_letter_subblock, nicolae_letter_subblock]
D:7:      cheibrodos_fzero, layout_cave_pods,
          hellmonk_okawaru_the_only_friend_you_need,
          nicolae_overflow_hidden_temple, minmay_temple_entry_from_below_a,
          uniq_maurice, uniq_joseph, uniq_duvessa

Notes
Turn   | Place    | Note
-------+----------+-------------------------------------------
     0 | D:1      | cforsyth the Djinni Ice Elementalist began the quest for
                  | the Orb.
     0 | D:1      | cforsyth set off with the following spells memorised:
                  | Freeze, Frozen Ramparts, Ozocubu's Armour, Summon Ice
                  | Beast.
     0 | D:1      | Reached XP level 1. HP: 15/15 MP: 0/0
     1 | D:1      | Found a faded altar of an unknown god.
   445 | D:2      | Reached XP level 2. HP: 10/22 MP: 0/0
   516 | D:2      | Reached skill level 1 in Fighting
   752 | D:2      | Reached XP level 3. HP: 27/28 MP: 0/0
   752 | D:2      | Learned a level 1 spell: Magic Dart
   906 | D:2      | Reached skill level 2 in Fighting
   906 | D:2      | Reached skill level 4 in Spellcasting
   906 | D:2      | Reached skill level 4 in Conjurations
   906 | D:2      | Reached skill level 4 in Hexes
   906 | D:2      | Reached skill level 4 in Summonings
   906 | D:2      | Reached skill level 4 in Necromancy
   906 | D:2      | Reached skill level 4 in Translocations
   906 | D:2      | Reached skill level 4 in Fire Magic
   906 | D:2      | Reached skill level 4 in Ice Magic
   906 | D:2      | Reached skill level 4 in Air Magic
   906 | D:2      | Reached skill level 4 in Earth Magic
   906 | D:2      | Reached skill level 4 in Alchemy
  1005 | D:2      | Reached XP level 4. HP: 32/33 MP: 0/0
  1417 | D:3      | Identified the +1 dagger "Pashreull" {freeze, *Slow rF+++
                  | Int+5 SInv}
  1633 | D:3      | Found a stormy altar of Qazlal.
  1682 | D:3      | Found a runed translucent door.
  1683 | D:3      | Noticed Crazy Yiuf
  1933 | D:4      | Reached skill level 3 in Fighting
  1933 | D:4      | Reached XP level 5. HP: 34/40 MP: 0/0
  1933 | D:4      | Learned a level 2 spell: Blink
  2307 | D:4      | Found a glowing silver altar of Zin.
  2308 | D:4      | Noticed an angel
  2572 | D:5      | Entered Level 5 of the Dungeon
  2572 | D:5      | Noticed a centaur
  2576 | D:5      | Killed a centaur
  2577 | D:5      | Reached skill level 4 in Fighting
  2577 | D:5      | Reached XP level 6. HP: 37/47 MP: 0/0
  2655 | D:5      | Noticed Ijyb
  2657 | D:5      | Paralysed by Ijyb for 4 turns
  2662 | D:5      | Paralysed by Ijyb for 2 turns
  2666 | D:5      | Killed Ijyb
  2841 | D:5      | Reached skill level 5 in Spellcasting
  2841 | D:5      | Reached skill level 5 in Conjurations
  2841 | D:5      | Reached skill level 5 in Hexes
  2841 | D:5      | Reached skill level 5 in Summonings
  2841 | D:5      | Reached skill level 5 in Necromancy
  2841 | D:5      | Reached skill level 5 in Translocations
  2841 | D:5      | Reached skill level 5 in Fire Magic
  2841 | D:5      | Reached skill level 5 in Ice Magic
  2841 | D:5      | Reached skill level 5 in Air Magic
  2841 | D:5      | Reached skill level 5 in Earth Magic
  2841 | D:5      | Reached skill level 5 in Alchemy
  2871 | D:5      | Found a sand-covered staircase.
  2930 | Ossuary  | Entered an ossuary
  3116 | Ossuary  | Reached XP level 7. HP: 35/53 MP: 0/0
  3116 | Ossuary  | Learned a level 3 spell: Confusing Touch
  4057 | Ossuary  | Noticed Menkaure
  4070 | Ossuary  | Killed Menkaure
  4071 | Ossuary  | Reached skill level 5 in Fighting
  4301 | D:5      | Found an ornate altar of the Wu Jian Council.
  4402 | D:5      | Reached XP level 8. HP: 51/61 MP: 0/0
  4778 | D:6      | Reached skill level 6 in Fighting
  4858 | D:6      | Reached skill level 6 in Spellcasting
  4858 | D:6      | Reached skill level 6 in Conjurations
  4858 | D:6      | Reached skill level 6 in Hexes
  4858 | D:6      | Reached skill level 6 in Summonings
  4858 | D:6      | Reached skill level 6 in Necromancy
  4858 | D:6      | Reached skill level 6 in Translocations
  4858 | D:6      | Reached skill level 6 in Fire Magic
  4858 | D:6      | Reached skill level 6 in Ice Magic
  4858 | D:6      | Reached skill level 6 in Air Magic
  4858 | D:6      | Reached skill level 6 in Earth Magic
  4858 | D:6      | Reached skill level 6 in Alchemy
  5236 | D:6      | Reached skill level 7 in Fighting
  5958 | D:7      | Noticed Maurice
  5968 | D:6      | Reached XP level 9. HP: 12/68 MP: 0/0
  5968 | D:6      | Learned a level 4 spell: Summon Lightning Spire
  6645 | D:7      | Reached skill level 8 in Fighting
  6645 | D:7      | Reached skill level 7 in Spellcasting
  6645 | D:7      | Reached skill level 7 in Conjurations
  6645 | D:7      | Reached skill level 7 in Hexes
  6645 | D:7      | Reached skill level 7 in Summonings
  6645 | D:7      | Reached skill level 7 in Necromancy
  6645 | D:7      | Reached skill level 7 in Translocations
  6645 | D:7      | Reached skill level 7 in Fire Magic
  6645 | D:7      | Reached skill level 7 in Ice Magic
  6645 | D:7      | Reached skill level 7 in Air Magic
  6645 | D:7      | Reached skill level 7 in Earth Magic
  6645 | D:7      | Reached skill level 7 in Alchemy
  6772 | D:7      | Noticed a two-headed ogre
  6784 | D:7      | Killed a two-headed ogre
  6831 | D:7      | Found an iron altar of Okawaru.
  6898 | D:7      | Reached skill level 9 in Fighting
  7055 | D:7      | Noticed Joseph
  7078 | D:7      | HP: 6/72 [Joseph/+0 quarterstaff of speed (14)]
  7091 | D:7      | HP: 5/72 [Joseph/+0 quarterstaff of speed (2)]
  7092 | D:7      | Slain by Joseph

Vanquished Creatures
  A water moccasin (D:7)
  An ice beast (D:7)
  A sky beast (D:6)
  A black bear (D:6)
  An ogre (D:6)
  A centaur (D:5)
  A kobold brigand (D:6)
  3 bullfrogs
  2 killer bees (D:7)
  2 bombardier beetles
  2 jellies
  2 orc priests (D:7)
  2 hounds
  Ijyb (D:5)
  4 iguanas
  A sleepcap (D:7)
  4 orc wizards
  4 mummies
  7 gnolls
  4 adders
  3 shadow imps
  A white imp (D:7)
  2 ufetubi (D:6)
  2 dart slugs
  A ribbon worm (D:2)
  12 orcs
  3 bats
  5 endoplasms
  3 gnoll zombies (Ossuary)
  5 goblins
  A hobgoblin (D:4)
  7 kobolds
  A quokka (D:1)
  A ball python (D:2)
  2 frilled lizards
  5 gnoll skeletons (Ossuary)
  3 goblin skeletons (Ossuary)
  3 goblin zombies (Ossuary)
  3 hobgoblin skeletons (Ossuary)
  5 hobgoblin zombies
  3 kobold skeletons (Ossuary)
  4 kobold zombies (Ossuary)
  3 orc skeletons (Ossuary)
  5 orc zombies (Ossuary)
  5 rats
  8 rat skeletons (Ossuary)
  7 rat zombies (Ossuary)
148 creatures vanquished.

Vanquished Creatures (collateral kills)
  A two-headed ogre (D:7)
  Menkaure (Ossuary)
  A scorpion (D:5)
  A white imp (D:7)
4 creatures vanquished.

Grand Total: 152 creatures vanquished

Table legend: (Time is in decaauts)
 A = Elapsed time spent in this place.
 B = Non-inter-level travel time spent in this place.
 C = Inter-level travel time spent in this place.
 D = Time resting spent in this place.
 E = Time spent auto-exploring this place.
 F = Levels seen in this place.
 G = Mean time per level.
                   A        B        C        D        E       F      G
               +--------+--------+--------+--------+--------+-----+--------+
         Total |   7089 |   6940 |    149 |    497 |   5247 |   8 |  886.1 |
       Dungeon |   5851 |   5702 |    149 |    493 |   4378 |   7 |  835.9 |
       Ossuary |   1237 |   1237 |      0 |      4 |    869 |   1 | 1237.0 |
               +--------+--------+--------+--------+--------+-----+--------+

Top non-repeatable levels by time:
     D:6: 1616 daAuts
 Ossuary: 1237 daAuts
     D:7: 939 daAuts
     D:4: 844 daAuts
     D:5: 724 daAuts
     D:2: 712 daAuts
     D:3: 545 daAuts
     D:1: 468 daAuts

Table legend:
 A = Non-vault XP
 B = Vault XP
 C = Vault XP percentage of total XP
 D = Non-vault monster count
 E = Vault monster count
 F = Vault count percentage of total count
                 A         B        C        D         E       F
            +---------+---------+-------+---------+---------+-------
      Total |    1503 |    2134 |  58.7 |      75 |      77 |  50.7
            +---------+---------+-------+---------+---------+-------
        D:1 |       8 |       0 |   0.0 |       3 |       0 |   0.0
        D:2 |      63 |       0 |   0.0 |      14 |       0 |   0.0
        D:3 |      18 |       0 |   0.0 |       7 |       0 |   0.0
        D:4 |     141 |       0 |   0.0 |      17 |       0 |   0.0
        D:5 |     330 |     149 |  31.1 |      10 |       6 |  37.5
        D:6 |     818 |     101 |  11.0 |      21 |       4 |  16.0
        D:7 |     125 |    1551 |  92.5 |       3 |      13 |  81.2
    Ossuary |       0 |     333 | 100.0 |       0 |      54 | 100.0
            +---------+---------+-------+---------+---------+-------
